AoeStats
← IdliDosa

Black Forest

506667603Analyzed
2v2 RM · 17d ago on Sep 14, 2026· 58m 51s· 4 players
Game mode
Random Map
Map size
Medium (4 player)
Population
200
Speed
Normal
Resources
Standard
Victory
Conquest
Starting age
Dark Age
Ending age
Imperial Age
RankedLock teamsTeams togetherTeam positionsShared explorationLock speedFull tech treeHidden civsTurbo modeCheats
Victory
Defeat
🇮🇳 Malians · India
1212
+14
🇨🇱 Britons · Chile
1196
+15
🇩🇪 Malians · Germany
1178
-15
🇩🇪 Bulgarians · Germany
1174
-14
KarlDerGrausame
0:26 Loom
6:22 Loom
9:08 Feudal Age
9:54 Man-at-Arms
21:33 Castle Age
20:45 Double-Bit Axe
20:43 Horse Collar
23:28 Wheelbarrow
26:18 Gold Mining
29:46 Imperial Age
27:14 Fletching
29:29 Bow Saw
30:21 Bodkin Arrow
30:54 Ballistics
30:27 Crossbowman
32:59 Scale Barding Armor
33:12 Hand Cart
32:59 Elite Skirmisher
34:36 Padded Archer Armor
36:46 Forging
37:32 Leather Archer Armor
39:41 Iron Casting
48:26 Chemistry
47:59 Ring Archer Armor
50:20 Caravan
54:41 Scale Mail Armor
56:10 Conscription
Schlammbeisser
1:06 Loom
1:49 Loom
12:04 Feudal Age
13:32 Double-Bit Axe
16:26 Castle Age
15:40 Double-Bit Axe
17:26 Bow Saw
18:16 Horse Collar
21:47 Fishing Lines
23:02 Wheelbarrow
24:51 Heavy Plow
25:20 Gillnets
26:26 Gold Mining
26:29 Stone Mining
28:02 Hand Cart
27:33 Loom
27:34 Town Watch
29:38 Gold Shaft Mining
30:50 Fletching
32:00 Scale Barding Armor
34:51 Imperial Age
32:55 Chain Barding Armor
33:10 Forging
34:40 Murder Holes
34:42 Bodkin Arrow
36:42 Iron Casting
35:31 Elite Konnik
36:57 Plate Barding Armor
37:14 Conscription
37:02 Scale Mail Armor
38:00 Crop Rotation
39:03 Blast Furnace
39:09 Chain Mail Armor
39:50 Masonry
40:18 Siege Engineers
41:17 Plate Mail Armor
41:10 Ballistics
41:50 Chemistry
42:27 Stirrups
43:45 Bloodlines
43:35 Husbandry
46:06 Gambesons
46:21 Squires
46:24 Bracer
46:57 Architecture
48:52 Caravan
52:03 Bagains
57:03 Onager
IdliDosa
1:17 Loom
1:49 Loom
10:15 Feudal Age
11:13 Double-Bit Axe
11:12 Man-at-Arms
11:39 Horse Collar
20:26 Castle Age
20:17 Stone Mining
20:17 Gold Mining
23:58 Wheelbarrow
24:00 Bow Saw
23:54 Heavy Plow
27:04 Forging
26:57 Squires
26:43 Arson
27:26 Scale Mail Armor
28:58 Iron Casting
32:15 Chain Mail Armor
32:29 Hand Cart
39:11 Imperial Age
36:49 Tigui
40:33 Conscription
40:46 Plate Mail Armor
41:27 Fletching
41:00 Long Swordsman
41:01 Pikeman
42:09 Two-Handed Swordsman
43:18 Town Watch
43:39 Champion
44:40 Fletching
50:58 Crop Rotation
51:43 Conscription
54:02 Ballistics
55:31 Chemistry
54:27 Bodkin Arrow
54:54 Elite Gbeto
57:25 Farimba
57:37 Bloodlines
57:29 Husbandry
58:25 Masonry
57:55 Treadmill Crane
58:05 Light Cavalry
58:53 Scale Barding Armor
Muzan Kibut6411
0:48 Loom
12:56 Feudal Age
18:55 Castle Age
17:27 Double-Bit Axe
17:46 Stone Mining
20:13 Wheelbarrow
22:45 Bow Saw
23:26 Fletching
24:44 Bodkin Arrow
27:56 Town Watch
28:30 Padded Archer Armor
28:42 Gold Mining
29:04 Fishing Lines
31:00 Horse Collar
31:14 Gillnets
32:18 Ballistics
32:16 Leather Archer Armor
32:16 Heavy Plow
37:01 Imperial Age
36:57 Yeomen
38:55 Bracer
38:28 Elite Longbowman
39:09 Capped Ram
43:40 Ring Archer Armor
46:24 Chemistry
47:29 Gold Shaft Mining
47:23 Conscription
47:47 Hoardings
47:13 Warwolf
48:44 Heavy Scorpion
55:36 Caravan
Connection lost

Rejoining the realm…

Still unreachable

The connection could not be restored.

Session expired

The server has moved on; the page needs a fresh start.